 Dungeon Crawl Stone Soup version 0.29.1-1-gd02db6906a (webtiles) character file.

Game seed: 6972093391672506079

25979 Zeld the Severer (level 12, -20/101 HPs)
             Began as a Minotaur Berserker on Oct 13, 2022.
             Was a Priest of Trog.
             Killed from afar by a bog body (44 damage)
             ... with a bolt of cold
             ... in an ice cave.
             The game lasted 00:23:10 (22433 turns).

Zeld the Severer (Minotaur Berserker)              Turns: 22433, Time: 00:23:10

Health: -20/101    AC: 25    Str: 26    XL:     12   Next: 94%
Magic:  11/11      EV:  7    Int:  4    God:    Trog [***...]
Gold:   573        SH:  9    Dex: 10    Spells: 11/11 levels left

rFire   . . .      SeeInvis +   a - +10 broad axe "Orb Guardian's Regret" {venom, *Rage Str+3 SInv Stlth+}
rCold   . . .      Faith    .   A - +0 tower shield
rNeg    . . .      Spirit   .   b - +0 shadow dragon scales
rPois   .          Reflect  .   J - +2 hat
rElec   +          Harm     .   h - +0 cloak
rCorr   .          Rampage  .   D - +1 pair of gloves
Will    .....      Rage     20% l - +1 pair of boots
Stlth   +++.......              (no amulet)
HPRegen 0.26/turn               (no ring)
MPRegen 0.12/turn               (no ring)

@: no status effects
A: horns 2, retaliatory headbutt, frail 1, electricity resistance, weak 2
a: Renounce Religion, Berserk, Trog's Hand


You were in an ice cave.
You worshipped Trog.
Trog was most pleased with you.
You visited 2 branches of the dungeon, and saw 15 of its levels.
You visited the Abyss 1 time.
You also visited: Ossuary and Ice Cave.

You collected 906 gold pieces.
You spent 333 gold pieces at shops.

Inventory:

Hand Weapons
 a - the +10 broad axe "Orb Guardian's Regret" (weapon) {venom, *Rage Str+3 SInv Stlth+}
   (You acquired it on level 14 of the Dungeon)

   It poisons the flesh of those it strikes.
   Str:       It affects your strength (+3).
   SInv:      It lets you see invisible.
   *Rage:     It berserks you when you make melee attacks (+20% chance).
   Stlth:     It makes you more stealthy.
Armour
 b - +0 shadow dragon scales (worn)
 h - a +0 cloak (worn)
 l - a +1 pair of boots (worn)
 A - a +0 tower shield (worn)
 D - a +1 pair of gloves (worn)
 J - a +2 hat (worn)
Jewellery
 t - a +6 ring of intelligence
Wands
 z - a wand of flame (33)
 I - a wand of paralysis (4)
Scrolls
 f - 2 scrolls of blinking
 i - 6 scrolls of teleportation
 w - 2 scrolls of enchant armour
 B - a scroll of silence
 C - a scroll of enchant weapon
 F - a scroll of magic mapping
 H - 3 scrolls of poison
Potions
 c - 3 potions of resistance
 j - 2 potions of heal wounds
 k - 2 potions of mutation {unknown}
 n - 3 potions of lignification {unknown}
 o - 3 potions of cancellation {unknown}
 q - 4 potions of brilliance {unknown}
 s - 2 potions of might {unknown}
 u - 6 potions of curing
 v - 2 potions of degeneration {unknown}
 x - a potion of invisibility {unknown}
 E - a potion of flight {unknown}
 G - 3 potions of ambrosia {unknown}
 K - a potion of haste {unknown}
 L - a potion of magic {unknown}


   Skills:
 + Level 12.4 Fighting
 * Level 16.8 Axes
 + Level 12.1 Armour
 + Level 11.1 Dodging


You had 11 spell levels left.
You didn't know any spells.
Your spell library was empty.

Dungeon Overview and Level Annotations

Branches:
Dungeon (14/15)            Temple (1/1) D:5            Lair (0/5) D:9
    Orc (0/2) D:11        Ossuary (visited)           IceCv (1/1)
 Vaults: D:13-14

Altars:
Ashenzari
Cheibriados
Dithmenos
Elyvilon
Fedhas
Gozag
Hepliaklqana
Kikubaaqudgha
Makhleb
Nemelex Xobeh
Okawaru
Qazlal
Ru
Sif Muna
Trog
Uskayaw
Vehumet
Wu Jian
Xom
Yredelemnul
Zin
The Shining One

Shops:
D:4 (

Annotations:
D:12 2 transporters


Innate Abilities, Weirdness & Mutations

You have a pair of horns on your head.
You reflexively headbutt those who attack you in melee.
You are frail. (-10% HP)
You are resistant to electric shocks. (rElec)
You are very weak. (Str -4)


Message History

You slash the ettin simulacrum!
The ettin simulacrum is lightly damaged.
You slash the ettin simulacrum!
You headbutt the ettin simulacrum, but do no damage.
The ettin simulacrum is heavily damaged.
You block the ettin simulacrum's attack.
The ettin simulacrum hits you! The ettin simulacrum freezes you!!
You hit the ettin simulacrum.
The ettin simulacrum is heavily damaged.
The ettin simulacrum hits you but does no damage. x2
You slice the ettin simulacrum!!
The ettin simulacrum vaporises!
Trog accepts your kill.
Really walk into that cloud of freezing vapour? [Y]es or [N]o only, please.
Really walk into that cloud of freezing vapour?
Okay, then.
You start resting.
A bog body is nearby!
A bog body is nearby!
The bog body points at you and mumbles some strange words.
You resist with significant effort.
A bog body is nearby!
You barely miss the bog body.
The bog body touches you but does no damage.
You hit the bog body.
The bog body is lightly damaged.
The bog body touches you. The bog body freezes you!!
The bog body gestures at you while chanting.
The bolt of cold hits you!
* * * LOW HITPOINT WARNING * * *
You slash the bog body!
The bog body is moderately damaged.
The bog body touches you but does no damage.
Unknown command.
You hit the bog body.
The bog body is moderately damaged.
The bog body points at you and mumbles some strange words.
The bolt of cold hits you!!!
You die...

###.W#...#nW#
#⌠[##'## ⌠#
##+#...#
#...# ###...#
#.#...#
#'#...#+#
+.......+
#.8...8@#
+......n+
#.8...8.#
...........
###.8...8.###
+.......+
#.8...8.#
+.......+


You could see a bog body.

Vanquished Creatures
  Josephine (D:12)
  A caustic shrike simulacrum (IceCv)
  2 centaur warriors
  A catoblepas (D:13)
  2 two-headed ogres
  4 skeletal warriors
  2 obsidian statues (IceCv)
  A spriggan simulacrum (IceCv)
  Pikel (D:7)
  2 cyclopes
  An ugly thing (D:12)
  4 manticores
  An ice statue (D:14)
  Joseph (D:8)
  A gargoyle (D:12)
  An ice devil (IceCv)
  2 efreet (D:13)
  A freezing wraith (IceCv)
  5 trolls
  Grinder (D:3)
  4 hornets
  8 wraiths
  A vampire (D:5)
  2 wyverns
  12 yaks
  8 vampire mosquitoes
  2 steam dragons
  A neqoxec (Abyss:2)
  Menkaure (D:6)
  A harpy simulacrum (IceCv)
  2 minotaur simulacra (IceCv)
  Edmund (D:4)
  A hydra simulacrum (IceCv)
  An acid dragon (D:12)
  An ettin simulacrum (IceCv)
  6 orc warriors
  A sky beast (D:6)
  2 ice beasts
  4 ogres
  12 centaurs
  2 elf zombies (Ossuary)
  3 bullfrogs (D:6)
  A lemure (D:7)
  A kobold brigand (D:10)
  2 necrophages
  2 gnoll sergeants (D:8)
  4 scorpions
  5 killer bees (D:10)
  3 howler monkeys
  7 hounds
  2 human zombies (Ossuary)
  10 orc priests
  A jelly (D:6)
  2 gnoll boudas
  4 iguanas
  9 orc wizards
  A hound zombie (Ossuary)
  4 mummies
  Robin (D:2)
  21 gnolls
  11 adders
  3 shadow imps
  3 white imps (D:5)
  2 ufetubi
  4 adder zombies (Ossuary)
  2 worms
  A dart slug (D:2)
  40 orcs
  9 bats
  5 endoplasms
  3 giant cockroaches (D:1)
  24 goblins
  10 hobgoblins
  7 kobolds
  4 quokkas
  8 ball pythons
  4 gnoll zombies (Ossuary)
  4 goblin zombies
  4 hobgoblin zombies (Ossuary)
  3 jackal zombies (Ossuary)
  4 kobold zombies (Ossuary)
  4 orc zombies
  A quokka zombie (Ossuary)
  2 rats (D:2)
  3 rat zombies (Ossuary)
  A spectral orc (D:10)
357 creatures vanquished.

Vanquished Creatures (collateral kills)
  A skeletal warrior (D:13)
  A manticore (D:14)
2 creatures vanquished.

Vanquished Creatures (others)
  A howler monkey (D:8)
  12 demonic plants (D:3)
  24 plants (D:4)
37 creatures vanquished.

Grand Total: 396 creatures vanquished

Notes
Turn   | Place    | Note
-------+----------+-------------------------------------------
     0 | D:1      | Zeld the Minotaur Berserker began the quest for the Orb.
     0 | D:1      | Reached XP level 1. HP: 19/19 MP: 0/0
    38 | D:1      | Found a faded altar of an unknown god.
   118 | D:1      | Reached XP level 2. HP: 27/27 MP: 1/1
   120 | D:1      | Reached skill level 4 in Axes
   334 | D:1      | Reached ** piety under Trog
   335 | D:1      | Reached XP level 3. HP: 18/33 MP: 2/2
  1123 | D:2      | Noticed Robin
  1132 | D:2      | Killed Robin
  1133 | D:2      | Reached XP level 4. HP: 38/40 MP: 3/3
  1940 | D:3      | Noticed Grinder
  1950 | D:3      | Killed Grinder
  1951 | D:3      | Reached skill level 5 in Axes
  1951 | D:3      | Reached XP level 5. HP: 47/47 MP: 4/4
  1951 | D:3      | Reached XP level 6. HP: 55/55 MP: 5/5
  2011 | D:3      | Reached skill level 6 in Axes
  2018 | D:3      | Reached skill level 5 in Fighting
  2125 | D:3      | Reached *** piety under Trog
  2713 | D:4      | Noticed Edmund
  2723 | D:4      | Killed Edmund
  2986 | D:4      | Found Puacest's Antique Weapon Boutique.
  3006 | D:4      | Reached XP level 7. HP: 51/61 MP: 6/6
  3021 | D:4      | Reached skill level 7 in Axes
  3558 | D:4      | Reached skill level 5 in Armour
  4343 | D:5      | Entered Level 5 of the Dungeon
  4348 | D:5      | Found a staircase to the Ecumenical Temple.
  4376 | Temple   | Entered the Ecumenical Temple
  4376 | Temple   | Found a transporter.
  4376 | Temple   | Found a transporter.
  4457 | Temple   | Found a transporter.
  4457 | Temple   | Found a transporter.
  4512 | D:5      | Reached XP level 8. HP: 55/70 MP: 7/7
  4727 | D:5      | Reached skill level 8 in Axes
  4727 | D:5      | Reached skill level 5 in Dodging
  5797 | D:6      | Reached skill level 9 in Axes
  6007 | D:6      | Reached XP level 9. HP: 15/79 MP: 8/8
  6020 | D:6      | Found a sand-covered staircase.
  6044 | Ossuary  | Entered an ossuary
  6561 | Ossuary  | Reached **** piety under Trog
  6828 | Ossuary  | Reached skill level 10 in Axes
  7280 | D:6      | Noticed Menkaure
  7284 | D:6      | Killed Menkaure
  7699 | D:6      | Found an ornate altar of the Wu Jian Council.
  8356 | D:4      | Bought a twisted battleaxe for 333 gold pieces
  8356 | D:4      | Identified the +11 battleaxe of the Old World {pain, +Blink
                  | rCorr Str+3} (You bought it in a shop on level 4 of the
                  | Dungeon)
  8593 | D:7      | Reached skill level 11 in Axes
  8859 | D:7      | Noticed Pikel
  8922 | D:7      | Killed Pikel
  8923 | D:7      | Reached XP level 10. HP: 90/90 MP: 9/9
  9891 | D:7      | Found a shimmering altar of Xom.
  9892 | D:7      | Found a broken altar of Ashenzari.
 10590 | D:8      | Noticed Joseph
 10612 | D:8      | Killed Joseph
 10613 | D:8      | Reached skill level 12 in Axes
 10666 | D:8      | Reached ***** piety under Trog
 11011 | D:8      | Found a sparkling altar of Nemelex Xobeh.
 12238 | D:9      | Found a staircase to the Lair.
 12304 | D:9      | Paralysed by a hornet for 1 turns
 12874 | D:9      | Found a glowing silver altar of Zin.
 12874 | D:9      | Noticed an angel
 12989 | D:10     | Entered Level 10 of the Dungeon
 13191 | D:10     | Reached skill level 13 in Axes
 13296 | D:10     | Found a hazy altar of Hepliaklqana.
 13408 | D:10     | Found a hide-covered altar of Uskayaw.
 13829 | D:10     | Reached XP level 11. HP: 95/99 MP: 10/10
 13882 | D:10     | Noticed a two-headed ogre
 13888 | D:10     | Killed a two-headed ogre
 13889 | D:10     | Reached skill level 10 in Fighting
 15148 | D:11     | Found a staircase to the Orcish Mines.
 15407 | D:11     | Reached skill level 10 in Armour
 15992 | D:11     | Reached skill level 14 in Axes
 16088 | D:12     | Noticed Josephine
 16102 | D:12     | Killed Josephine
 16517 | D:12     | Noticed a skeletal warrior
 16597 | D:12     | Found a transporter.
 16599 | D:12     | Noticed a death knight
 16602 | D:12     | Noticed a phantasmal warrior
 16603 | D:12     | Noticed a death knight
 16752 | D:12     | Found a transporter.
 16782 | D:12     | Noticed a skeletal warrior
 16791 | D:12     | Killed a skeletal warrior
 16819 | D:12     | Noticed a skeletal warrior
 16886 | D:12     | Killed a skeletal warrior
 17004 | D:12     | Noticed a skeletal warrior
 17004 | D:12     | Noticed a skeletal warrior
 17037 | D:11     | Killed a skeletal warrior
 17038 | D:11     | Reached skill level 15 in Axes
 17150 | D:12     | Killed a skeletal warrior
 17151 | D:12     | Reached XP level 12. HP: 110/110 MP: 11/11
 17363 | D:12     | Reached skill level 10 in Dodging
 18049 | D:12     | Found a sparkling altar of Nemelex Xobeh.
 18867 | Abyss:2  | Cast into level 2 of the Abyss (skeletal warrior)
 18888 | Abyss:2  | Gained mutation: You are weak. (Str -2) [a neqoxec]
 18895 | Abyss:2  | Gained mutation: You have hidden genetic defects. [a
                  | neqoxec]
 18895 | Abyss:2  | Gained mutation: You are resistant to electric shocks.
                  | (rElec) [a neqoxec]
 18921 | D:13     | Escaped the Abyss
 19484 | D:13     | Noticed a catoblepas
 19491 | D:13     | Killed a catoblepas
 19534 | D:13     | Noticed a centaur warrior
 19547 | D:13     | Killed a centaur warrior
 19566 | D:13     | Noticed a two-headed ogre
 19753 | D:13     | Killed a two-headed ogre
 19754 | D:13     | Reached skill level 16 in Axes
 19754 | D:13     | Gained mutation: You are very weak. (Str -4) [hidden
                  | defects]
 20507 | D:14     | Noticed a centaur warrior
 20517 | D:14     | Killed a centaur warrior
 20530 | D:14     | Identified a scroll of acquirement
 20545 | D:14     | Acquired the +10 broad axe "Orb Guardian's Regret" {venom,
                  | *Rage Str+3 SInv Stlth+}
 20605 | D:14     | Found a frozen archway.
 20835 | IceCv    | Entered an ice cave
 21301 | IceCv    | Gained mutation: You are frail. (-10% HP) [hidden defects]
 21301 | IceCv    | Lost mutation: You have hidden genetic defects. [hidden
                  | defects expressed]
 22433 | IceCv    | Killed from afar by a bog body

Illustrated notes

Levels and vault maps discovered:
D:1:      zelgadis_glass_arrival_small, layout_loops_ring,
          shapermc_ecumenical_altar_totnotflames
D:2:      layout_basic, serial_park_tiny_1, minmay_tetromino_l2, uniq_robin
D:3:      layout_basic, dreamdust_princess_corridor, dk_noncrumbling_2,
          hangedman_glass_teeth, uniq_grinder
D:4:      layout_loops_corners, serial_shops, shop, nicolae_grassy_gnolls,
          uniq_edmund
D:5:      layout_basic, minmay_temple_entry_trees, kennysheep_small_circle
D:6:      layout_basic, mainiacjoe_overflow_catwalk, nicolae_ossuary_entry_giza,
          uniq_menkaure
D:7:      layout_layer_cave, gammafunk_temple_overflow_statue,
          nicolae_figureground_pulse, uniq_pikel
D:8:      layout_basic, nicolae_overflow_crystal_walls, uniq_joseph
D:9:      layout_stronghold, zin_angel, lair_entry_dummy
D:10:     layout_basic, nicolae_hepliaklqana_monster_ancestors,
          nicolae_uskayaw_murder_on_the_dancefloor
D:11:     layout_grid_maze, orc_0_dummy
D:12:     layout_irregular_city, gammafunk_ghost_mausoleum,
          nemelex_diamond_rough_becter, uniq_josephine
D:13:     layout_cross
D:14:     layout_cave_pods, david_vaults_1, nicolae_trove_entry_columns,
          portal_ice_cave_entry_ice_statue_one, minivault_11
Temple:   hellmonk_temple_divided_pantheon
IceCv:    ice_cave_tombish

Skill      XL: |  1  2  3  4  5  6  7  8  9 10 11 12 |
---------------+-------------------------------------+-----
Axes           | 4 5 6 7 9 11 13 15 16 | 16.8
Fighting       | 4 5 6 7 8 9 11 12 | 12.4
Armour         | 3 4 5 6 8 9 10 12 | 12.1
Dodging        | 3 4 6 7 8 9 11 | 11.1

Action                   |  1- 3 |  4- 6 |  7- 9 | 10-12 || total
-------------------------+-------+-------+-------+-------++-------
Melee: Hand axe          |    57 |   112 |   457 |    25 ||   651
       Headbutt          |     7 |    20 |    97 |   114 ||   238
       Punch             |       |     3 |    12 |     1 ||    16
       War axe           |       |       |       |   455 ||   455
       Broad axe         |       |       |       |    50 ||    50
Invok: Berserk           |     1 |     2 |     9 |    18 ||    30
       Trog's Hand       |       |       |     2 |     1 ||     3
       Brothers in Arms  |       |       |       |     3 ||     3
Evoke: Wand              |       |       |       |     2 ||     2
  Use: Potion            |       |       |     3 |       ||     3
       Scroll            |       |       |       |    16 ||    16
 Stab: Sleeping          |       |     2 |       |     1 ||     3
Armor: Animal skin       |    13 |    27 |   100 |    22 ||   162
       Shadow dragon sca |       |       |       |   448 ||   448
       Plate armour      |       |       |       |    57 ||    57
Dodge: Dodged            |    53 |    69 |   224 |   272 ||   618
Block: Tower shield      |       |       |       |   289 ||   289
